 Dungeon Crawl Stone Soup version 0.24.0-37-gcf1ca852f1 (webtiles) character file.

Game seed: 14447957559859239999, levelgen mode: deterministic

10 mortelune the Firebug (level 2, -6/15 HPs)
             Began as a Deep Elf Fire Elementalist on Dec 7, 2019.
             Mangled by an ice beast (8 damage)
             ... on level 2 of the Dungeon.
             The game lasted 00:01:03 (550 turns).

mortelune the Firebug (Deep Elf Fire Elementalist)   Turns: 550, Time: 00:01:04

Health: -6/15      AC:  2    Str:  5    XL:     2   Next: 10%
Magic:  5/8        EV: 13    Int: 19    God:
Gold:   30         SH:  0    Dex: 15    Spells: 4/7 levels left

rFire    . . .     SeeInvis .   (no weapon)
rCold    . . .     Gourm    .   (no shield)
rNeg     . . .     Faith    .   a - +0 robe
rPois    .         Spirit   .   (no helmet)
rElec    .         Reflect  .   (no cloak)
rCorr    .         Harm     .   (no gloves)
MR       .....                  (no boots)
Stlth    ++........             (no amulet)
HPRegen  0.05/turn              (no ring)
MPRegen  0.11/turn              (no ring)

@: lethally poisoned (-6 -> -13)
A: no striking features
a: no special abilities


You were on level 2 of the Dungeon.
You were not hungry.

You visited 1 branch of the dungeon, and saw 2 of its levels.

You collected 30 gold pieces.

Inventory:

Armour
 a - a +0 robe (worn)
Comestibles
 b - a chunk of flesh
 c - a ration


   Skills:
 + Level 2.6 Dodging
 - Level 2.4 Stealth
 + Level 3.1 Spellcasting
 * Level 1.6 Conjurations
 * Level 3.5 Fire Magic


You had 4 spell levels left.
You knew the following spells:

 Your Spells              Type           Power        Failure   Level  Hunger
a - Flame Tongue          Conj/Fire      ##...        5%          1    None
b - Throw Flame           Conj/Fire      ##....       8%          2    ##.....

Your spell library contained the following spells:

 Spells                   Type           Power        Failure   Level  Hunger
 Conjure Flame            Conj/Fire      ##......     16%         3    ###....
 Inner Flame              Hex/Fire       #.......     22%         3    ###....
 Sticky Flame             Conj/Fire      ##......     45%         4    ####...
 Fireball                 Conj/Fire      ##........   82%         5    ######.


Dungeon Overview and Level Annotations

Branches:
Dungeon (1/15)

Altars:
Dithmenos
Fedhas
Nemelex Xobeh
Okawaru
Qazlal
Uskayaw
Vehumet
The Shining One

Annotations:
D:2 Sigmund


Message History

An ice beast comes into view.
An adder comes into view.
You start resting.
Your magical contamination has completely faded away.
You start resting.
HP restored.
As you open the door, it creaks loudly!
An adder and Sigmund come into view.
The adder hisses angrily.
Sigmund shouts!
You hear an angry hiss.
A hobgoblin comes into view. It is wielding a +0 club.
Found a scroll labeled MIKKIUKOECW.
You aren't carrying any scrolls.
The adder bites you.
You are poisoned.
The adder poisons you! The ice beast barely misses you. The adder bites you.
You feel sick. The adder bites you. The ice beast hits you.
* * * LOW HITPOINT WARNING * * *
The ice beast freezes you!
Ouch! That really hurt!
You die...

......._...#
#...._..._.## .
##...........# ..
...._..⌠.._.# ...
..........# ....
#._..._.# g....
#..._...#
..?...#####.Y.####..
......'@...S@...<...
......#####.S.......
#.### #.........
#.........
#.........
#.........
#.........
###+######


You could see Sigmund, an ice beast and 2 adders.

Vanquished Creatures
  A giant cockroach (D:1)
  A goblin (D:1)
  2 hobgoblins (D:1)
  2 jackals (D:1)
  2 frilled lizards (D:1)
  A kobold (D:1)
9 creatures vanquished.

Notes
Turn   | Place    | Note
-------+----------+-------------------------------------------
     0 | D:1      | mortelune the Deep Elf Fire Elementalist began the quest
                  | for the Orb.
     0 | D:1      | Reached XP level 1. HP: 10/10 MP: 6/6
   447 | D:1      | Reached XP level 2. HP: 11/15 MP: 6/8
   451 | D:1      | Learned a level 2 spell: Throw Flame
   505 | D:1      | You fall into a shaft and drop 1 floor!
   505 | D:2      | Found a hide-covered altar of Uskayaw.
   505 | D:2      | Found a glowing golden altar of the Shining One.
   505 | D:2      | Found a blossoming altar of Fedhas.
   505 | D:2      | Found an iron altar of Okawaru.
   505 | D:2      | Found a sparkling altar of Nemelex Xobeh.
   505 | D:2      | Found a shadowy altar of Dithmenos.
   505 | D:2      | Found a stormy altar of Qazlal.
   505 | D:2      | Found a radiant altar of Vehumet.
   506 | D:2      | Noticed an ice beast
   545 | D:2      | Noticed Sigmund
   550 | D:2      | Mangled by an ice beast

Levels and vault maps discovered:
D:1:      tarquinn_simple_flora_water_e, layout_basic
D:2:      layout_basic, nicolae_overflow_hidden_temple,
          grunt_temple_overflow_open, minivault_19, uniq_terence, uniq_sigmund

Action                   || total
-------------------------++-------
 Cast: Flame Tongue      ||    12
       Throw Flame       ||     4
Armor: Robe              ||     2
Dodge: Dodged            ||     6
